 Seeded DCSS version 0.31.0-12-g77e489cdc1 (webtiles) character file.

Game seed: 2665529934044378202 (custom seed)

52 CInkIbrahim the Poker (level 3, 0/29 HPs)
             Began as a Merfolk Fighter on Feb 27, 2024.
             Slain by Robin
             ... wielding a +1 dagger of draining
              (4 damage)
             ... on level 2 of the Dungeon.
             The game lasted 00:00:47 (863 turns).

CInkIbrahim the Poker (Merfolk Fighter)              Turns: 863, Time: 00:00:48

Health: 0/29       AC:  6    Str: 18    XL:     3   Next: 85%
Magic:  3/3        EV:  9    Int:  7    God:
Gold:   114        SH:  4    Dex: 13    Spells: 2/2 levels left

rFire   . . .        a - +0 trident
rCold   . . .        c - +0 buckler
rNeg    . . .        b - +0 scale mail
rPois   .            (no helmet)
rElec   .            (no cloak)
rCorr   .            (no gloves)
SInv    .            (no boots)
Will    .....        (no amulet) Stlth
                     (no ring)
HPRegen 0.24/turn    (no ring)
MPRegen 0.08/turn

%: no passive effects
@: mighty
A: (nimble swimmer 2), mertail
a: no special abilities


You were on level 2 of the Dungeon.
You visited 1 branch of the dungeon, and saw 2 of its levels.

You collected 114 gold pieces.

Inventory:

Hand Weapons
 a - a +0 trident (weapon)
Armour
 b - a +0 scale mail (worn)
 c - a +0 buckler (worn)
 i - the +0 leather armour of the Tuna {Rampage rN+++ MP+9 Stlth-}
   (You found it on level 2 of the Dungeon)

   rN+++:     It renders you almost immune to negative energy.
   MP+9:      It affects your magic capacity (+9).
   Rampage:   It bestows one free step when moving towards enemies.
   Stlth-:    It makes you less stealthy.
Scrolls
 g - a scroll of teleportation {unknown}
 h - a scroll of identify {unknown}
Potions
 e - a potion of curing {unknown}
 f - a potion of cancellation {unknown}


   Skills:
 - Level 3.2 Fighting
 + Level 5.4 Polearms
 - Level 2.1 Armour
 - Level 3.0 Shields


You had 2 spell levels left.
You didn't know any spells.
Your spell library was empty.

Dungeon Overview and Level Annotations

Branches:
Dungeon (2/15)

Altars:

Annotations:
D:2 Robin


Innate Abilities, Weirdness & Mutations

((You are very nimble when in or above water. (Stealth+, EV+, Speed+++)))
Your lower body shifts to a powerful aquatic tail in water.


Message History

You hit the goblin.
The goblin is heavily wounded.
Robin says, "Duck!"
You block the goblin's attack. The goblin hits you but does no damage.
You barely miss the goblin. The goblin hits you but does no damage.
The goblin hits you with a +0 dagger.
You puncture the goblin!
You kill the goblin!
The goblin hits you but does no damage.
You completely miss the goblin.
The goblin is heavily wounded.
The goblin hits you but does no damage.
You puncture the goblin!
You kill the goblin!
You puncture the kobold!
You kill the kobold!
You closely miss the goblin.
The hobgoblin no longer looks unusually strong.
You block the goblin's attack.
Robin roars a battlecry!
The hobgoblin goes into a battle-frenzy!
You hit the goblin.
The goblin is heavily wounded.
You block the goblin's attack.
You puncture the goblin!
You kill the goblin!
Robin throws the goblin at you!
You completely miss the hobgoblin. You block the goblin's attack.
The hobgoblin barely misses you.
You closely miss the hobgoblin. The goblin hits you with a +0 club.
* * * LOW HITPOINT WARNING * * *
The hobgoblin barely misses you.
You puncture the hobgoblin!
You kill the hobgoblin!
The goblin barely misses you.
You barely miss the goblin.
The goblin no longer looks unusually strong.
Robin hits you with a +1 dagger of draining.
You die...
Robin calls out, "Let's celebrate!
Time for a feast!"

#...............#
#...............#
#...............#
#...............#
###.............##
.........#........
.....####......... .
..........##########....
.<.............g@g).....
..........#############.
....####### ...)# ....#
....# #####


You could see Robin and a goblin.

Vanquished Creatures
  A gnoll (D:1)
  3 bats (D:1)
  2 endoplasms (D:1)
  2 giant cockroaches (D:1)
  14 goblins
  4 hobgoblins
  3 quokkas (D:1)
  A ball python (D:1)
  3 frilled lizards (D:1)
  3 kobolds
  A rat (D:1)
37 creatures vanquished.

Notes
Turn   | Place    | Note
-------+----------+-------------------------------------------
     0 | D:1      | CInkIbrahim the Merfolk Fighter began the quest for the
                  | Orb.
     0 | D:1      | Reached XP level 1. HP: 18/18 MP: 1/1
    16 | D:1      | Reached skill level 3 in Polearms
   107 | D:1      | Reached XP level 2. HP: 23/24 MP: 2/2
   231 | D:1      | Reached skill level 4 in Polearms
   465 | D:1      | Reached XP level 3. HP: 24/29 MP: 3/3
   502 | D:1      | Reached skill level 5 in Polearms
   806 | D:2      | Identified the +0 leather armour of the Tuna {Rampage rN+++
                  | MP+9 Stlth-}
   824 | D:2      | Noticed Robin
   863 | D:2      | Slain by Robin

Illustrated notes

Levels and vault maps discovered:
D:1:      matt_arrival_grand_opening, layout_loops_ring, serial_aquarium,
          aquarium_bridge_square [aquarium_subvault_bridge,
          aquarium_subvault_bridge, aquarium_subvault_wall,
          aquarium_subvault_bridge], aquarium_window_fake, aquarium_window_fake,
          aquarium_view_2f, aquarium_pool_side, minmay_pentomino_p4
D:2:      layout_rooms, hellmonk_ecumenical_altar_zigzags, basic_altar,
          uniq_robin, uniq_natasha

Skill      XL: |  1  2  3 |
---------------+----------+-----
Polearms       | 3 4 5 |  5.4
Fighting       | |  3.2
Armour         | |  2.1
Shields        | |  3.0

Action                     || total
---------------------------++-------
  Melee: Trident           ||    99
    Use: Potion            ||     1
 Armour: Scale mail        ||    58
  Dodge: Dodged            ||    27
  Block: Buckler           ||    22
